 Dungeon Crawl Stone Soup version 0.29.1-1-gd02db6906a (webtiles) character file.

Game seed: 5077381688752834820

46 Kahsius the Digger (level 3, 0/19 HPs)
             Began as a Gargoyle Earth Elementalist on Sept 23, 2022.
             Killed by divine providence
             ... invoked by an orc priest
              (12 damage)
             ... on level 3 of the Dungeon.
             The game lasted 00:03:34 (1334 turns).

Kahsius the Digger (Gargoyle Earth Elementalist)    Turns: 1334, Time: 00:03:34

Health: 0/19       AC:  7    Str: 11    XL:     3   Next: 68%
Magic:  4/6        EV: 11    Int: 20    God:
Gold:   64         SH:  3    Dex: 10    Spells: 6/7 levels left

rFire   . . .      SeeInvis .   (no weapon)
rCold   . . .      Faith    .   f - +0 buckler
rNeg    + . .      Spirit   .   j - +0 robe of Jauxodgh {Will+ Int+3}
rPois   ∞          Reflect  .   m - +2 hat
rElec   +          Harm     .   (no cloak)
rCorr   .          Rampage  .   (no gloves)
Will    +....                   (no boots)
Stlth   ++........              (no amulet)
HPRegen 0.06/turn               (no ring)
MPRegen 0.10/turn               (no ring)

@: no status effects
A: sickness immunity, AC +3, negative energy resistance 1, electricity
resistance, torment resistance 1, petrification resistance
a: no special abilities


You were on level 3 of the Dungeon.
You visited 1 branch of the dungeon, and saw 3 of its levels.

You collected 142 gold pieces.
You spent 78 gold pieces at shops.

Inventory:

Missiles
 h - a throwing net
Armour
 a - a +0 robe
 f - a +0 buckler (worn)
 j - the +0 robe of Jauxodgh (worn) {Will+ Int+3}
   (You found it on level 3 of the Dungeon)

   Int:       It affects your intelligence (+3).
   Will:      It increases your willpower.
 m - a +2 hat (worn)
Scrolls
 d - 6 scrolls of identify
 e - a scroll of immolation {unknown}
 k - a scroll of amnesia {unknown}
 l - a scroll of magic mapping {unknown}
Potions
 b - a potion of magic
 c - 2 potions of haste {unknown}
 g - a potion of brilliance {unknown}
 i - 2 potions of lignification {unknown}


   Skills:
 - Level 1.5 Dodging
 - Level 2.1 Stealth
 + Level 2.6 Spellcasting
 + Level 1.6 Transmutations
 + Level 4.3 Earth Magic


You had 6 spell levels left.
You knew the following spells:

 Your Spells              Type           Power      Damage    Failure   Level
a - Sandblast             Erth           40%        2d10      3%          1

Your spell library contained the following spells:

 Spells                   Type           Power      Damage    Failure   Level
 Passwall                 Tmut/Erth      11%        N/A       9%          2
 Stone Arrow              Conj/Erth      22%        3d8       24%         3
 Petrify                  Tmut/Erth      14%        N/A       50%         4


Dungeon Overview and Level Annotations

Branches:
Dungeon (3/15)

Altars:

Shops:
D:1 ?

Annotations:
D:2 Sigmund


Innate Abilities, Weirdness & Mutations

You are immune to sickness and miasma.
Your stone body is resilient. (AC +3)
You are immune to poison.
You resist negative energy. (rN+)
You are resistant to electric shocks. (rElec)
You are resistant to unholy torment.
You are immune to petrification.


Message History

You kill the hobgoblin!
A bat comes into view.
A bat is nearby!
Found a glowing hat.
The bat hits you but does no damage.
The blast of sand misses the bat.
The bat closely misses you. The bat barely misses you.
The blast of sand hits the bat!
You kill the bat!
Found a stone staircase leading down.
You see here a bat corpse.
A bat comes into view.
Found a stone staircase leading up.
You see here a +2 hat.
You start putting on your armour.
You continue putting on your +2 hat. x4
You finish putting on your +2 hat.
Found 5 stones.
The blast of sand misses the bat.
The bat closely misses you.
The blast of sand hits the bat.
You kill the bat!
You now have 64 gold pieces (gained 16).
An orc comes into view. It is wielding a +0 mace.
Found a scroll labelled ODIYTUM QYUGG.
An orc comes into view. It is wielding a +0 hand axe.
The orc shouts! x2
A kobold comes into view. It is wielding a +0 dagger.
An orc priest and an orc come into view.
The kobold shouts!
The orc priest shouts!
The orc shouts!
The blast of sand hits the orc!
You kill the orc!
The blast of sand hits the kobold!
You kill the kobold!
The orc priest calls down the wrath of Beogh upon you.
Beogh smites you!
You are too injured to fight recklessly!
You are too injured to fight recklessly!
The orc priest invokes the aid of Beogh against you.
Beogh smites you!
Ouch! That really hurt!
You die...

#############
#...........#
###.#########.# #...#
#.....# #.###@### #.....#
#.....# ####.....#
....)o#######........#...
..... >.................
..?. ..#.................
..o ...#...#....###......
.. .....................
###+#...................#
...#...................#


You could see an orc priest and an orc.

Vanquished Creatures
  An adder (D:2)
  2 dart slugs
  An orc (D:3)
  6 bats
  3 endoplasms (D:2)
  A goblin (D:1)
  3 hobgoblins
  3 jackals (D:1)
  A ball python (D:1)
  A frilled lizard (D:1)
  3 kobolds
  10 rats
35 creatures vanquished.

Notes
Turn   | Place    | Note
-------+----------+-------------------------------------------
     0 | D:1      | Kahsius the Gargoyle Earth Elementalist began the quest for
                  | the Orb.
     0 | D:1      | Reached XP level 1. HP: 10/10 MP: 3/3
   123 | D:1      | Reached skill level 1 in Transmutations
   204 | D:1      | Reached XP level 2. HP: 15/15 MP: 0/5
   462 | D:1      | Reached skill level 4 in Earth Magic
   727 | D:1      | Found Syppat's Magic Scroll Shop.
   737 | D:1      | Bought a scroll of identify for 26 gold pieces
   737 | D:1      | Bought a scroll of identify for 26 gold pieces
   737 | D:1      | Bought a scroll of identify for 26 gold pieces
   841 | D:2      | Noticed Sigmund
   893 | D:2      | Reached XP level 3. HP: 19/19 MP: 2/6
  1159 | D:3      | Identified the +0 robe of Jauxodgh {Will+ Int+3}
  1334 | D:3      | Killed from afar by an orc priest

Illustrated notes

Levels and vault maps discovered:
D:1:      psy_arrival_terrarium, layout_basic, serial_shops, shop,
          minmay_rat_gold_closets
D:2:      layout_basic, kennysheep_generic_room_4, uniq_sigmund
D:3:      layout_basic, mainiacjoe_overflow_paths

Skill      XL: |  1  2 |
---------------+-------+-----
Transmutations | 1 |  1.6
Earth Magic    | 4 |  4.3
Dodging        | |  1.5
Stealth        | |  2.1
Spellcasting   | |  2.6

Action                   || total
-------------------------++-------
 Cast: Sandblast         ||    44
Armor: Robe              ||     4
Dodge: Dodged            ||     7
Block: Buckler           ||     1
